 Dungeon Crawl Stone Soup version 0.29.0-13-gc9e81de378 (webtiles) character file.

Game seed: 9467014738595607215

3 greasedhog the Trooper (level 1, -2/14 HPs)
             Began as a Gargoyle Abyssal Knight on Sept 11, 2022.
             Was a Believer of Lugonu.
             Slain by a kobold
             ... wielding a +1 antimagic whip
              (3 damage)
             ... on level 1 of the Dungeon.
             The game lasted 00:00:43 (144 turns).

greasedhog the Trooper (Gargoyle Abyssal Knight)     Turns: 144, Time: 00:00:44

Health: -2/14      AC:  5    Str: 16    XL:     1   Next: 50%
Magic:  2/2        EV: 11    Int: 10    God:    Lugonu [**....]
Gold:   2          SH:  0    Dex: 10    Spells: 0/0 levels left

rFire   . . .      SeeInvis .   a - +1 mace
rCold   . . .      Faith    .   (no shield)
rNeg    + . .      Spirit   .   b - +0 leather armour
rPois   ∞          Reflect  .   (no helmet)
rElec   +          Harm     .   (no cloak)
rCorr   .          Rampage  .   (no gloves)
Will    .....                   (no boots)
Stlth   +.........              (no amulet)
HPRegen 0.04/turn               (no ring)
MPRegen 0.08/turn               (no ring)

@: very slow
A: sickness immunity, AC +2, negative energy resistance 1, electricity
resistance, torment resistance 1, petrification resistance
a: Renounce Religion, Depart the Abyss, Bend Space


You were on level 1 of the Dungeon.
You worshipped Lugonu.
Lugonu was pleased with you.
You visited 1 branch of the dungeon, and saw 1 of its levels.
You visited the Abyss 1 time.

You collected 2 gold pieces.

Inventory:

Hand Weapons
 a - a +1 mace (weapon)
Armour
 b - a +0 leather armour (worn)


   Skills:
 * Level 3.4 Fighting
 * Level 2.1 Maces & Flails
 - Level 2.1 Armour
 - Level 0.7 Dodging
 + Level 2.0 Invocations


You couldn't memorise any spells.
You didn't know any spells.
Your spell library was empty.

Dungeon Overview and Level Annotations

Branches:
Dungeon (1/15)

Altars:


Innate Abilities, Weirdness & Mutations

You are immune to sickness and miasma.
Your stone body is resilient. (AC +2)
You are immune to poison.
You resist negative energy. (rN+)
You are resistant to electric shocks. (rElec)
You are resistant to unholy torment.
You are immune to petrification.


Message History

Things that are here:
a frilled lizard corpse; a hobgoblin corpse The bat hits you but does no damage.
The bat hits you but does no damage. The bat hits you but does no damage.
The bat hits you but does no damage. The bat hits you but does no damage.
The bat closely misses you. The bat hits you but does no damage.
The bat attacks as you move away! The bat hits you but does no damage.
The bat closely misses you. The bat attacks as you move away!
The bat closely misses you. The bat hits you but does no damage.
The bat closely misses you. The bat hits you but does no damage.
The bat hits you but does no damage. The bat hits you.
* * * LOW HITPOINT WARNING * * *
The bat hits you.
* * * LOW HITPOINT WARNING * * *
The bat closely misses you. The bat closely misses you.
The bat barely misses you.
You aren't carrying any scrolls.
The kobold throws a stone.
The stone misses you.
There is an open door here.
Why would you want to do that?
You enter the shallow water.
Moving in this stuff is going to be slow.
You close the door.
You start resting.
A kobold opens the door.
It is wielding a +1 antimagic whip.
It's broken and can't be closed.
Your unstable footing causes you to fumble your attack.
The kobold misses you.
You closely miss the kobold.
The kobold hits you with a +1 antimagic whip.
* * * LOW HITPOINT WARNING * * *
Your unstable footing causes you to fumble your attack.
The kobold hits you with a +1 antimagic whip.
You die...

##.#
#.......
##.##
#K####†#
#K##
#.####.#
######.#
#....K.#
#~~≈≈#.#
########
#~##≈#.#
#~~~~#.#
#~#<≈'.#
#~#@K###
#~##≈#
~#~~≈# #
####


You could see a kobold.

Vanquished Creatures
  A ball python (D:1)
  A hobgoblin (D:1)
  A frilled lizard (D:1)
3 creatures vanquished.

Notes
Turn   | Place    | Note
-------+----------+-------------------------------------------
     0 | Abyss:1  | greasedhog the Gargoyle Abyssal Knight began the quest for
                  | the Orb.
     0 | Abyss:1  | Reached XP level 1. HP: 14/14 MP: 2/2
     1 | D:1      | Escaped the Abyss
   144 | D:1      | Slain by a kobold

Illustrated notes

Levels and vault maps discovered:
D:1:      ncdulo_wetmaze, layout_loops_cross, corexii_item_surrounded_by_moat

Action                   || total
-------------------------++-------
Melee: Mace              ||    14
       Punch             ||     1
Armor: Leather armour    ||    30
Dodge: Dodged            ||    35
